 Dungeon Crawl Stone Soup version 0.28.0-49-g6dfe1f597d (webtiles) character file.

Game seed: 6629334592399041289

1887 issech the Covert (level 9, 0/67 HPs)
             Began as a Gnoll Wanderer on May 19, 2022.
             Slain by an eight-headed hydra (9 damage)
             ... on level 7 of the Dungeon.
             The game lasted 00:32:47 (8892 turns).

issech the Covert (Gnoll Wanderer)                  Turns: 8892, Time: 00:32:48

Health: 0/67       AC: 13    Str: 13    XL:     9   Next: 14%
Magic:  14/14      EV: 13    Int:  9    God:
Gold:   399        SH:  8    Dex: 20    Spells: 15/15 levels left

rFire   . . .      SeeInvis .   F - +2 dagger (venom)
rCold   . . .      Faith    .   H - +2 buckler
rNeg    . . .      Spirit   .   K - +2 leather armour "Ineryzxev" {Dex+3}
rPois   +          Reflect  .   N - +0 helmet
rElec   .          Harm     .   y - +0 cloak
rCorr   .          Rampage  .   O - +0 pair of gloves
Will    .....                   (no boots)
Stlth   ++++......              (no amulet)
HPRegen 0.21/turn               t - ring of poison resistance
MPRegen 0.14/turn               u - +4 ring of protection

@: no status effects
A: fangs 1, strong nose, distributed training
a: no special abilities


You were on level 7 of the Dungeon.
You visited 1 branch of the dungeon, and saw 7 of its levels.

You collected 399 gold pieces.

Inventory:

Hand Weapons
 a - a +0 hand crossbow
 d - a +0 hunting sling
 r - a +0 morningstar
 x - a +3 quarterstaff of chaos
 A - a +1 short sword of venom
 C - a +1 trident of protection
 F - a +2 dagger of venom (weapon)
 M - the +2 hand axe of Indomitability {antimagic, Int+2}
   (You took it off an orc priest on level 5 of the Dungeon)

   It reduces the magical energy of the wielder, and disrupts the spells and
   magical abilities of those it strikes.
   Natural abilities and divine invocations are not affected.
   Int:       It affects your intelligence (+2).
 T - a +0 shortbow
Missiles
 b - an atropa-tipped dart
 c - a datura-tipped dart
 e - 16 sling bullets
 f - 7 boomerangs (quivered)
 g - 11 poisoned darts
 l - 136 arrows
 m - 207 stones
 G - 44 bolts
Armour
 o - a +0 scale mail
 s - a +0 helmet
 y - a +0 cloak (worn)
 B - a +0 chain mail
 E - a +0 pair of gloves
 H - a +2 buckler (worn)
 K - the +2 leather armour "Ineryzxev" (worn) {Dex+3}
   (You took it off a gnoll on level 5 of the Dungeon)

   Dex:       It affects your dexterity (+3).
 N - a +0 helmet (worn)
 O - a +0 pair of gloves (worn)
Magical Staves
 Q - a staff of air
Jewellery
 t - a ring of poison resistance (left hand)
 u - a +4 ring of protection (right hand)
 w - an amulet of faith
 P - a ring of positive energy
 R - a ring of positive energy
Wands
 L - a wand of mindburst (27)
 S - a wand of digging (4)
Scrolls
 h - a scroll of fear
 j - 3 scrolls of immolation
 k - 6 scrolls of identify
 q - a scroll of teleportation
 v - a scroll of enchant weapon
 D - a scroll of enchant armour
 J - a scroll of holy word
Potions
 i - 2 potions of curing {unknown}
 n - a potion of ambrosia {unknown}
 p - 2 potions of haste {unknown}
 z - a potion of mutation {unknown}
 I - a potion of degeneration {unknown}
 U - a potion of flight {unknown}


   Skills:
 + Level 4.8 Fighting
 + Level 3.9 Short Blades
 + Level 3.9 Long Blades
 + Level 3.9 Axes
 + Level 3.9 Maces & Flails
 + Level 3.9 Polearms
 + Level 3.9 Staves
 + Level 4.8 Slings
 + Level 3.9 Bows
 + Level 3.9 Crossbows
 + Level 7.7 Throwing
 + Level 3.9 Armour
 + Level 3.9 Dodging
 + Level 8.8 Stealth
 + Level 3.9 Shields
 + Level 3.9 Unarmed Combat
 + Level 3.9 Spellcasting
 + Level 3.2 Conjurations
 + Level 3.2 Hexes
 + Level 3.2 Summonings
 + Level 3.2 Necromancy
 + Level 3.2 Translocations
 + Level 3.2 Transmutations
 + Level 3.2 Fire Magic
 + Level 3.2 Ice Magic
 + Level 3.2 Air Magic
 + Level 3.2 Earth Magic
 + Level 3.2 Poison Magic
 + Level 4.3 Invocations
 + Level 4.8 Evocations


You had 15 spell levels left.
You didn't know any spells.
Your spell library was empty.

Dungeon Overview and Level Annotations

Branches:
Dungeon (7/15)
 Temple: D:4-7

Altars:
Fedhas
Okawaru
Uskayaw
Yredelemnul

Shops:
D:6 [

Annotations:
D:7 exclusion: ice statue


Innate Abilities, Weirdness & Mutations

You have very sharp teeth.
Your uncanny sense of smell can sniff out nearby items.
Your experience applies equally to all skills.


Message History

The eight-headed hydra barely misses you.
The eight-headed hydra bites you.
The eight-headed hydra bites you but does no damage.
The eight-headed hydra barely misses you.
The eight-headed hydra bites you.
There is an escape hatch in the floor here.
The eight-headed hydra bites you! The eight-headed hydra bites you.
You block the eight-headed hydra's attack.
The eight-headed hydra bites you!
You block the eight-headed hydra's attack.
The eight-headed hydra bites you!
* * * LOW HITPOINT WARNING * * *
The eight-headed hydra bites you.
* * * LOW HITPOINT WARNING * * *
The eight-headed hydra bites you but does no damage.
Things that are here:
a +0 ring mail; a +0 short sword The eight-headed hydra closely misses you. x2
The eight-headed hydra bites you but does no damage. x2
You block the eight-headed hydra's attack.
The eight-headed hydra bites you!
* * * LOW HITPOINT WARNING * * *
The eight-headed hydra misses you. The eight-headed hydra bites you.
* * * LOW HITPOINT WARNING * * *
There is an escape hatch in the floor here.
You see here a +0 short sword.
The eight-headed hydra closely misses you.
The eight-headed hydra barely misses you.
The eight-headed hydra bites you!
* * * LOW HITPOINT WARNING * * *
The eight-headed hydra bites you but does no damage. x2
The eight-headed hydra bites you.
* * * LOW HITPOINT WARNING * * *
The eight-headed hydra completely misses you.
The eight-headed hydra misses you.
The eight-headed hydra barely misses you.
The eight-headed hydra misses you. The eight-headed hydra bites you.
* * * LOW HITPOINT WARNING * * *
The eight-headed hydra bites you!
You die...

###...#..# #
##.##..################
#.##..................
#.###.################
#.###.# #.....#
#####.##############
#.##...........###
#@##.###......).#.
##D##.###.#####.)#.
#.........# #..).
#.........# #.##.
#.........# #.##.
#.........#####.###
#...)..>........###
#.........####.....
#..[[.....# ##.###


You could see an eight-headed hydra.

Vanquished Creatures
  A troll (D:7)
  A water moccasin (D:7)
  A sky beast (D:7)
  An ice beast (D:6)
  2 necrophages (D:6)
  2 phantoms
  2 centaurs (D:7)
  A gnoll sergeant (D:6)
  A scorpion (D:4)
  2 howler monkeys
  A centaur zombie (D:6)
  3 hounds
  A jelly (D:6)
  Crazy Yiuf (D:4)
  7 orc priests
  2 iguanas
  An orc wizard (D:4)
  A hound skeleton (D:4)
  A howler monkey skeleton (D:6)
  7 adders
  3 gnolls (D:5)
  A white imp (D:6)
  An ufetubus (D:5)
  An adder skeleton (D:4)
  3 worms
  2 dart slugs
  16 orcs
  9 ball pythons
  5 endoplasms
  A giant cockroach (D:3)
  11 hobgoblins
  4 jackals (D:3)
  6 kobolds
  6 quokkas
  5 bats
  6 frilled lizards
  11 goblins
  7 rats
137 creatures vanquished.

Vanquished Creatures (others)
  A fungus (D:4)
  7 plants (D:7)
8 creatures vanquished.

Grand Total: 145 creatures vanquished

Notes
Turn   | Place    | Note
-------+----------+-------------------------------------------
     0 | D:1      | issech the Gnoll Wanderer began the quest for the Orb.
     0 | D:1      | issech set off with the following items: a +0 dagger, an
                  | atropa-tipped dart, a datura-tipped dart, a +0 hunting
                  | sling, 16 sling bullets, 7 boomerangs, a +0 dagger, a +0
                  | leather armour
     0 | D:1      | Reached XP level 1. HP: 17/17 MP: 1/1
   233 | D:1      | Reached XP level 2. HP: 23/23 MP: 2/2
   631 | D:1      | Found a faded altar of an unknown god.
  1280 | D:2      | Reached XP level 3. HP: 28/28 MP: 3/3
  1352 | D:2      | Reached skill level 1 in Invocations
  1530 | D:2      | Reached skill level 1 in Short Blades
  1530 | D:2      | Reached skill level 1 in Long Blades
  1530 | D:2      | Reached skill level 1 in Axes
  1530 | D:2      | Reached skill level 1 in Maces & Flails
  1530 | D:2      | Reached skill level 1 in Polearms
  1530 | D:2      | Reached skill level 1 in Staves
  1530 | D:2      | Reached skill level 1 in Bows
  1530 | D:2      | Reached skill level 1 in Crossbows
  1530 | D:2      | Reached skill level 1 in Armour
  1530 | D:2      | Reached skill level 1 in Dodging
  1530 | D:2      | Reached skill level 1 in Shields
  1530 | D:2      | Reached skill level 1 in Unarmed Combat
  1530 | D:2      | Reached skill level 1 in Spellcasting
  1667 | D:2      | Reached XP level 4. HP: 31/34 MP: 5/5
  1919 | D:3      | Reached skill level 1 in Conjurations
  1919 | D:3      | Reached skill level 1 in Hexes
  1919 | D:3      | Reached skill level 1 in Summonings
  1919 | D:3      | Reached skill level 1 in Necromancy
  1919 | D:3      | Reached skill level 1 in Translocations
  1919 | D:3      | Reached skill level 1 in Transmutations
  1919 | D:3      | Reached skill level 1 in Fire Magic
  1919 | D:3      | Reached skill level 1 in Ice Magic
  1919 | D:3      | Reached skill level 1 in Air Magic
  1919 | D:3      | Reached skill level 1 in Earth Magic
  1919 | D:3      | Reached skill level 1 in Poison Magic
  2439 | D:3      | Reached XP level 5. HP: 37/40 MP: 5/7
  3268 | D:4      | Noticed a phantom
  3292 | D:4      | Reached skill level 8 in Stealth
  3559 | D:3      | Killed a phantom
  3560 | D:3      | Reached XP level 6. HP: 13/47 MP: 8/8
  4030 | D:4      | Found a runed translucent door.
  4031 | D:4      | Noticed Crazy Yiuf
  4412 | D:4      | Killed Crazy Yiuf
  4413 | D:4      | Reached XP level 7. HP: 49/52 MP: 10/10
  4458 | D:5      | Entered Level 5 of the Dungeon
  4500 | D:5      | Identified the +2 leather armour "Ineryzxev" {Dex+3}
  4607 | D:5      | Found a blossoming altar of Fedhas.
  4764 | D:5      | Identified the +2 hand axe of Indomitability {antimagic,
                  | Int+2}
  5439 | D:6      | Found Seify's Armour Boutique.
  5458 | D:6      | Noticed a +0 short sword
  5458 | D:6      | Noticed a +0 dagger
  5459 | D:6      | Noticed a +0 spear
  5460 | D:6      | Noticed a +0 spear
  5461 | D:6      | Noticed a +0 dagger
  5462 | D:6      | Noticed a +0 falchion
  5463 | D:6      | Noticed a +0 short sword
  5468 | D:6      | Noticed a +0 falchion
  5470 | D:6      | Found a hide-covered altar of Uskayaw.
  5750 | D:6      | Reached XP level 8. HP: 59/60 MP: 4/12
  7205 | D:7      | Found a basalt altar of Yredelemnul.
  7222 | D:7      | Noticed an ice statue
  7676 | D:7      | Reached XP level 9. HP: 28/66 MP: 4/14
  7692 | D:7      | Noticed a troll
  8500 | D:7      | Killed a troll
  8704 | D:7      | Found an iron altar of Okawaru.
  8704 | D:7      | Noticed an eight-headed hydra
  8892 | D:7      | Slain by an eight-headed hydra

Illustrated notes

Levels and vault maps discovered:
D:1:      minmay_arrival_nine_rooms, layout_basic,
          shapermc_ecumenical_altar_totnotflames, minmay_fountain_box,
          kennysheep_another_room
D:2:      minmay_diamond_boxcup, layout_basic, serial_glass, glass_columns_a,
          glass_columns_c, glass_columns_a, glass_columns_b, glass_columns_b,
          glass_columns_b, glass_columns_b, glass_columns_c,
          minmay_goblin_outpost
D:3:      layout_basic, minmay_fractal_squares_gapless_5
D:4:      layout_rooms, uniq_crazy_yiuf_cottage
D:5:      layout_basic, kennysheep_little_box
D:6:      minmay_general_purpose_star, layout_basic, nicolae_uskayaw_en_pointe,
          serial_shops, nicolae_shop_stone
D:7:      lemuel_ice_statue, layout_loops_ring, minmay_temple_entry_overgrown,
          hangedman_feature_mirror

Skill      XL: |  1  2  3  4  5  6  7  8 |
---------------+-------------------------+-----
Invocations    | 1 2 3 4 |  4.3
Short Blades   | 1 2 3 |  3.9
Long Blades    | 1 2 3 |  3.9
Axes           | 1 2 3 |  3.9
Maces & Flails | 1 2 3 |  3.9
Polearms       | 1 2 3 |  3.9
Staves         | 1 2 3 |  3.9
Bows           | 1 2 3 |  3.9
Crossbows      | 1 2 3 |  3.9
Armour         | 1 2 3 |  3.9
Dodging        | 1 2 3 |  3.9
Shields        | 1 2 3 |  3.9
Unarmed Combat | 1 2 3 |  3.9
Spellcasting   | 1 2 3 |  3.9
Conjurations   | 1 2 3 |  3.2
Hexes          | 1 2 3 |  3.2
Summonings     | 1 2 3 |  3.2
Necromancy     | 1 2 3 |  3.2
Translocations | 1 2 3 |  3.2
Transmutations | 1 2 3 |  3.2
Fire Magic     | 1 2 3 |  3.2
Ice Magic      | 1 2 3 |  3.2
Air Magic      | 1 2 3 |  3.2
Earth Magic    | 1 2 3 |  3.2
Poison Magic   | 1 2 3 |  3.2
Fighting       | 3 4 |  4.8
Slings         | 3 4 |  4.8
Evocations     | 3 4 |  4.8
Stealth        | 8 |  8.8
Throwing       | 7 |  7.7

Action                   |  1- 3 |  4- 6 |  7- 9 || total
-------------------------+-------+-------+-------++-------
Melee: Dagger            |    13 |       |    34 ||    47
       Bite              |     5 |    18 |    46 ||    69
       Hand axe          |    26 |   193 |   204 ||   423
       Punch             |     1 |     4 |     3 ||     8
       Quarterstaff      |       |       |    11 ||    11
       Trident           |       |       |    34 ||    34
Throw: Boomerang         |    53 |    29 |    91 ||   173
  Use: Scroll            |       |       |     6 ||     6
 Stab: Sleeping          |     3 |     2 |     2 ||     7
Armor: Leather armour    |     2 |       |   148 ||   150
       Ring mail         |     2 |       |       ||     2
       Scale mail        |    18 |    59 |       ||    77
       Chain mail        |       |    88 |     7 ||    95
Dodge: Dodged            |    21 |    83 |   211 ||   315
Block: Buckler           |       |       |    86 ||    86
